 Dungeon Crawl Stone Soup version 0.19.4-8-ga85b6b9 (webtiles) character file.

78 volk64 the Conjurer (level 4, -1/31 HPs)
             Began as a Human Conjurer on Feb 7, 2017.
             Was an Initiate of Ashenzari.
             Slain by a river rat (2 damage)
             ... on level 3 of the Dungeon on Feb 8, 2017.
             The game lasted 00:11:46 (2409 turns).

volk64 the Conjurer (Human Conjurer)                Turns: 2409, Time: 00:11:47

Health: -1/31      AC:  3    Str:  8    XL:     4   Next: 61%
Magic:  4/7        EV: 12    Int: 16    God:    Ashenzari [......]
Gold:   68         SH:  0    Dex: 14    Spells: 2 memorised, 4 levels left

rFire  . . .     SeeInvis .     j - +1 spear
rCold  . . .     Gourm    .     a - +0 robe (curse)
rNeg   . . .     Faith    .     (no shield)
rPois  .         Spirit   .     (no helmet)
rElec  .         Reflect  .     r - +0 cloak (curse)
rCorr  .         Harm     .     (no gloves)
MR     .....                    (no boots)
Stlth  ++........               (no amulet)
                                (no ring)
                                (no ring)

@: no status effects
A: no striking features
a: Curse Item, Renounce Religion


You were on level 3 of the Dungeon.
You worshipped Ashenzari.
Ashenzari was noncommittal.
You were not hungry.

You visited 1 branch of the dungeon, and saw 3 of its levels.
You also visited: Sewer.

You collected 68 gold pieces.

Inventory:

Hand Weapons
 e - a +0 dagger
 j - a +1 spear (weapon)
 n - a cursed -3 dagger
Armour
 a - a cursed +0 robe (worn)
 r - a cursed +0 cloak (worn)
Magical Staves
 k - a cursed staff of death
Scrolls
 i - 5 scrolls of identify
 l - 2 scrolls of remove curse
Potions
 d - 2 potions of magic {unknown}
 f - a potion of invisibility {unknown}
 h - a potion of heal wounds {unknown}
 o - a potion of curing {unknown}
 p - a potion of might {unknown}
 s - a potion of haste {unknown}
 u - a potion of brilliance {unknown}
 v - a potion of degeneration {unknown}
Books
 b - a book of Conjurations

   Spells                             Type                      Level
   a - Magic Dart                     Conjuration                  1
   b - Searing Ray                    Conjuration                  2
   c - Dazzling Spray                 Conjuration/Hexes            3
   d - Fulminant Prism                Conjuration/Hexes            4
   e - Iskenderun's Mystic Blast      Conjuration                  4
   f - Iskenderun's Battlesphere      Conjuration/Charms           5
Comestibles
 c - 3 bread rations
 g - 3 beef jerkies
 m - 3 chunks of flesh
 t - a meat ration


   Skills:
 + Level 0.4 Fighting
 + Level 1.1 Polearms
 + Level 2.2 Dodging
 + Level 2.7 Stealth
 + Level 2.1 Spellcasting
 + Level 4.9 Conjurations


You had 4 spell levels left.
You knew the following spells:

 Your Spells              Type           Power        Failure   Level  Hunger
a - Magic Dart            Conj           ###.         2%          1    #......
b - Searing Ray           Conj           ###...       4%          2    ###....


Dungeon Overview and Level Annotations

Branches:
Dungeon (3/15)

Altars:
Ashenzari
Elyvilon
Nemelex Xobeh


Message History

You hit the river rat.
The river rat is almost dead.
The river rat bites you.
* * * LOW HITPOINT WARNING * * *
The river rat bites you but does no damage.
Casting: Searing Ray
Confirm with . or Enter, or press ? or * to list all spells.
Aiming: Searing Ray
Press: ? - help, Shift-Dir - straight line, f - river rat
Aim: a river rat (almost dead)
The searing ray misses the river rat. (Press . to maintain the ray.)
The river rat bites you.
* * * LOW HITPOINT WARNING * * *
The river rat bites you.
* * * LOW HITPOINT WARNING * * *
The searing ray hits the river rat.
The river rat is almost dead.
The river rat barely misses you. The river rat bites you.
You die...

## ##.###..#
###.##...###.## ##.##
....#.......## ##.#
#..........#.## ##.#####..
....#.....###.###.....##.#
.........# ##.#.####.##>#
#..####.# ##.## #.##.#
#..################ #.##.#
#........≈≈≈≈≈≈r@r# #.##.#
#.#################
#.##.#######. #.# #.#
#............ #.# #.#
####.#######. #.# #.# #.#
#.# #.# #.# #.# #.# #.#
..# #.# ##.# ####
#########.# #..#


You could see 2 river rats.

Vanquished Creatures
  3 adders
  A worm (D:1)
  2 dart slugs (D:1)
  2 leopard geckos (D:1)
  An orc (D:3)
  3 ball pythons
  3 giant cockroaches
  9 goblins
  3 hobgoblins
  A kobold (D:3)
  6 bats
  3 frilled lizards
  5 rats
42 creatures vanquished.

Vanquished Creatures (others)
  A kobold (D:1)
1 creature vanquished.

Grand Total: 43 creatures vanquished

Notes
Turn   | Place    | Note
-------+----------+-------------------------------------------
     0 | D:1      | volk64 the Human Conjurer began the quest for the Orb.
     0 | D:1      | Reached XP level 1. HP: 13/13 MP: 3/3
   202 | D:1      | Reached XP level 2. HP: 19/19 MP: 3/5
   433 | D:1      | Found a sparkling altar of Nemelex Xobeh.
   547 | D:1      | Reached XP level 3. HP: 22/24 MP: 4/6
   806 | D:1      | Learned a level 2 spell: Searing Ray
  1255 | D:2      | Found a shattered altar of Ashenzari.
  1512 | D:2      | Found a white marble altar of Elyvilon.
  1709 | D:2      | Reached XP level 4. HP: 30/30 MP: 4/7
  1947 | D:2      | Became a worshipper of Ashenzari the Shackled
  2358 | D:3      | Found a glowing drain.
  2363 | D:3      | Reached skill level 1 in Polearms
  2399 | Sewer    | Entered a sewer
  2408 | D:3      | HP: 1/31 [river rat (2)]
  2409 | D:3      | Slain by a river rat

Skill      XL: |  1  2  3  4 |
---------------+-------------+-----
Polearms       | 1 |  1.1
Fighting       | |  0.4
Dodging        | |  2.2
Stealth        | |  2.7
Spellcasting   | |  2.1
Conjurations   | |  4.9

Action                   |  1- 3 |  4- 6 || total
-------------------------+-------+-------++-------
Melee: Dagger            |    11 |       ||    11
       Spear             |    33 |    43 ||    76
 Cast: Magic Dart        |    39 |       ||    39
       Searing Ray       |     4 |     6 ||    10
Invok: Curse Item        |       |     1 ||     1
  Use: Scroll            |     1 |     3 ||     4
 Stab: Sleeping          |     1 |     4 ||     5
  Eat: Chunk             |     3 |     3 ||     6
Armor: Robe              |     9 |    14 ||    23
Dodge: Dodged            |    39 |    33 ||    72
